AoeStats
← 买彩票刮出欠条

Pilgrims

508203757Analyzed
3v3 RM · 12d ago on Sep 21, 2026· 32m 43s· 6 players
Game mode
Random Map
Map size
Normal (6 player)
Population
200
Speed
Normal
Resources
Standard
Victory
Conquest
Starting age
Dark Age
Ending age
Imperial Age
RankedLock teamsTeams togetherTeam positionsShared explorationLock speedFull tech treeHidden civsTurbo modeCheats
Victory
Defeat
🇬🇧 Burmese · United Kingdom
1412
+14
🇬🇧 Saracens · United Kingdom
1401
+15
🇨🇳 Romans · China
1309
+20
🇨🇳 Hindustanis · China
1387
-17
🇻🇳 Maya · Vietnam
1369
-16
🇨🇳 Vikings · China
1369
-16
mryendl2410
9:19 Loom
11:41 Feudal Age
12:35 Double-Bit Axe
18:47 Castle Age
18:46 Gold Mining
21:39 Wheelbarrow
21:17 Horse Collar
26:50 Fletching
27:41 Stone Mining
小农民
5:09 Loom
12:33 Feudal Age
14:04 Double-Bit Axe
17:52 Castle Age
16:42 Fletching
18:05 Gold Mining
18:57 Medium Warships
19:31 Bow Saw
21:00 Bodkin Arrow
21:06 Padded Archer Armor
21:38 Fishing Lines
[GRs]KillerJerry
10:13 Feudal Age
9:06 Loom
14:30 Castle Age
13:50 Forging
13:27 Fishing Lines
15:05 Scale Barding Armor
16:07 Iron Casting
17:50 Bloodlines
17:32 Double-Bit Axe
18:48 Scale Barding Armor
21:16 Wheelbarrow
22:24 Bow Saw
21:55 Horse Collar
22:53 Husbandry
26:20 Fletching
27:57 Heavy Plow
28:40 Hand Cart
28:29 Town Watch
30:38 Gold Mining
30:39 Stone Mining
The Gravekeeper
5:03 Loom
12:05 Feudal Age
12:38 Double-Bit Axe
20:06 Castle Age
25:19 Scale Barding Armor
25:14 Horse Collar
29:44 Bloodlines
30:44 Chain Barding Armor
smithy10w
4:31 Loom
13:11 Feudal Age
13:46 Horse Collar
15:45 Wheelbarrow
15:41 Forging
15:24 Fletching
15:39 Gold Mining
20:15 Castle Age
18:19 Fishing Lines
21:15 Heavy Plow
24:14 Gold Shaft Mining
25:01 Hand Cart
24:57 Bodkin Arrow
30:48 Gold Shaft Mining
30:04 Stone Mining
31:14 Town Watch
32:36 Padded Archer Armor
买彩票刮出欠条
4:56 Loom
11:52 Feudal Age
12:41 Double-Bit Axe
17:44 Castle Age
17:38 Forging
17:33 Gold Mining
17:52 Fletching
18:42 Medium Warships
19:11 Bow Saw
19:45 Bodkin Arrow
20:33 Iron Casting
19:59 Scale Mail Armor
20:42 Man-at-Arms
21:27 Long Swordsman
22:08 Squires
21:54 Horse Collar
23:01 Chain Mail Armor
29:26 Heavy Plow
Connection lost

Rejoining the realm…

Still unreachable

The connection could not be restored.

Session expired

The server has moved on; the page needs a fresh start.